 Dungeon Crawl Stone Soup version 0.25-a0-561-g0977b4d109 (webtiles) character file.

Game seed: 8589231768747736622, levelgen mode: deterministic

249208 Flugslaktarn the Executioner (level 18, -14/170 HPs)
             Began as a Deep Dwarf Fighter on Feb 25, 2020.
             Was the Champion of Makhleb.
             Demolished by a stone giant (29 damage)
             ... on level 5 of the Vaults.
             The game lasted 00:19:39 (19139 turns).

Flugslaktarn the Executioner (Deep Dwarf Fighter)  Turns: 19139, Time: 00:19:39

Health: -14/170    AC: 32    Str: 23    XL:     18   Next: 87%
Magic:  11/11      EV:  6    Int: 17    God:    Makhleb [******]
Gold:   1041       SH: 20    Dex: 12    Spells: 17/17 levels left

rFire    + + .     SeeInvis .   a - +4 broad axe (flame)
rCold    . . .     Gourm    .   Z - +0 tower shield {reflect}
rNeg     + + +     Faith    .   W - +8 chain mail of Esoxabi {rPois Str-3 Int+6}
rPois    +         Spirit   .   (no helmet)
rElec    .         Reflect  +   C - +2 cloak
rCorr    .         Harm     .   I - +2 pair of gloves
MR       +++++     Clarity  +   A - +2 pair of boots Stlth ..........NoTele +
                                x - amulet of the Four Winds {rN+ MR+++ Clar}
HPRegen  0.00/turn              s - ring "Dazit" {-Tele rPois rF+ rN+ Stlth+}
MPRegen  0.12/turn              f - ring of protection from fire

@: non-regenerating
A: damage resistance, heal wounds, talons 1, blurry vision 1, negative energy
resistance 1, sense surroundings 3, poison resistance, no regeneration
}: 2/15 runes: decaying, serpentine
a: Heal Wounds, Minor Destruction, Lesser Servant of Makhleb, Major Destruction,
Greater Servant of Makhleb, Renounce Religion


You were on level 5 of the Vaults.
You worshipped Makhleb.
Makhleb was exalted by your worship.
You were not hungry.

You visited 6 branches of the dungeon, and saw 33 of its levels.
You visited the Abyss 2 times.
You visited 1 bazaar.
You also visited: Sewer and Bailey.

You collected 2183 gold pieces.
You spent 1142 gold pieces at shops.

Inventory:

Hand Weapons
 a - a +4 broad axe of flaming (weapon)
   (You took it off Maggie on level 10 of the Dungeon)
 K - a +2 war axe of venom
   (You took it off a zombie on level 11 of the Dungeon)
Missiles
 o - 4 throwing nets (quivered)
Armour
 b - a +4 plate armour of magic resistance
   (You found it on level 12 of the Dungeon)
 A - a +2 pair of boots (worn)
   (You found it on level 9 of the Dungeon)
 C - a +2 cloak (worn)
   (You found it on level 4 of the Dungeon)
 I - a +2 pair of gloves (worn)
   (You found it on level 10 of the Dungeon)
 W - the +8 chain mail of Esoxabi (worn) {rPois Str-3 Int+6}
   (You found it on level 13 of the Dungeon)

   It affects your strength (-3).
   It affects your intelligence (+6).
   It protects you from poison.
   If you remove this armour, your AC will decrease by 21 (32 -> 11).
 Z - a +0 tower shield of reflection (worn)
   (You found it on level 2 of the Vaults)
Jewellery
 c - an uncursed amulet of guardian spirit
   (You took it off an orc knight on level 1 of the Vaults)
 f - a ring of protection from fire (right hand)
   (You found it on level 12 of the Dungeon)
 k - an uncursed ring of resist corrosion
   (You found it on level 4 of the Lair of Beasts)
 s - the ring "Dazit" (left hand) {-Tele rPois rF+ rN+ Stlth+}
   (You bought it in a shop on level 6 of the Dungeon)

   [ring of poison resistance]

   It protects you from fire.
   It protects you from poison.
   It protects you from negative energy.
   It prevents most forms of teleportation.
   It makes you more stealthy.
 x - the amulet of the Four Winds (around neck) {rN+ MR+++ Clar}
   (You found it on level 8 of the Dungeon)

   [amulet of nothing]

   It protects you from negative energy.
   It affects your resistance to hostile enchantments.
   It protects you against confusion.
 L - a +3 amulet of reflection
   (You found it on level 3 of the Lair of Beasts)
 Y - a cursed -6 ring of evasion {unknown}
   (You found it on level 2 of the Vaults)
Wands
 v - a wand of digging (7)
   (You found it on level 5 of the Dungeon)
 F - a wand of enslavement (2)
   (You took it off Maggie on level 10 of the Dungeon)
 M - a wand of iceblast (7)
   (You took it off a naga ritualist on level 4 of the Snake Pit)
 R - a wand of paralysis (12)
   (You found it on level 14 of the Dungeon)
 X - a wand of acid (7)
   (You found it on level 4 of the Lair of Beasts)
Scrolls
 i - a scroll of torment
 l - 2 scrolls of fog
 p - 5 scrolls of immolation
 r - 5 scrolls of identify
 t - 12 scrolls of teleportation
 y - 4 scrolls of fear
 z - 5 scrolls of blinking
 D - 4 scrolls of magic mapping
 G - a scroll of silence
 J - 9 scrolls of remove curse
 P - a scroll of summoning
 T - 2 scrolls of enchant armour
 U - 2 scrolls of holy word
 V - a scroll of vulnerability
Potions
 d - 7 potions of might
 g - 3 potions of ambrosia
 h - 7 potions of haste
 m - a potion of mutation
 n - 2 potions of resistance
 q - 5 potions of curing
 u - 4 potions of invisibility
 w - 7 potions of heal wounds
 B - a potion of magic
 E - 4 potions of berserk rage
 H - 5 potions of cancellation
 N - 9 potions of brilliance
 O - 2 potions of lignification
 Q - a potion of stabbing
 S - 5 potions of flight
Comestibles
 e - 44 rations
 j - 4 chunks of flesh


   Skills:
 + Level 12.7 Fighting
 * Level 21.8 Axes
 + Level 14.9 Armour
 + Level 15.0 Shields
 + Level 15.7 Invocations


You had 17 spell levels left.
You didn't know any spells.
Your spell library was empty.

Dungeon Overview and Level Annotations

Branches:
Dungeon (15/15)            Temple (1/1) D:7            Lair (4/6) D:10
  Swamp (4/4) Lair:3        Snake (4/4) Lair:4          Orc (0/2) D:9
 Vaults (5/5) D:14         Depths (0/5) D:15          Sewer (visited)
 Bailey (visited)
  Crypt: Vaults:2-3

Altars:
Ashenzari
Cheibriados
Dithmenos
Fedhas
Hepliaklqana
Kikubaaqudgha
Makhleb
Nemelex Xobeh
Okawaru
Qazlal
Ru
Sif Muna
Trog
Uskayaw
Vehumet
Wu Jian
Xom
Yredelemnul
The Shining One
Beogh

Shops:
D:6 =   D:8 }=:}%   D:9 (   D:12 =   Snake:1 %   Snake:3 ::   Vaults:1 !

Annotations:
D:15 exclusion: oklob plant


Innate Abilities, Weirdness & Mutations

You are resistant to damage.
You can heal yourself by infusing magical energy.
You resist negative energy. (rN+)
You passively map a large area around you.
You do not regenerate.
You have sharp toenails.
Scrolls take you a little longer to read.
Your system is resistant to poisons. (rPois)


Message History

You hit the shadow dragon but do no damage.
You barely miss the frost giant. You hit the stone giant.
You burn the stone giant.
The shadow dragon breathes negative energy at you.
The bolt of negative energy hits you but does no damage.
You resist. You block the stone giant's attack.
You barely miss the tengu reaver.
The tengu reaver is lightly wounded.
You slash the shadow dragon! You burn the shadow dragon.
You slash the frost giant! You burn the frost giant. You slash the stone giant!
You burn the stone giant.
The frost giant gestures at you while chanting.
The bolt of cold hits you!!
* * * LOW HITPOINT WARNING * * *
The shadow dragon bites you but does no damage.
The shadow dragon claws you but does no damage.
You block the shadow dragon's attack. You block the tengu reaver's attack.
The tengu reaver pecks you but does no damage.
You block the tengu reaver's attack. The stone giant hits you!!
You die...

,,
..........#
, ,, ,
..........#
,, ,
..........#
, , ,
..........#
* * #....# ,
, , ,
*##.*..# * *
, ##.p#..# ,
,, ##.CC#..#
* ,
##.pD@#..# *
,
*#..p#Q#..#
, *
#...##C#..#
, ,
#...##..#..#
*#..(#
,..#..# * *
#...# ,..##
, *#p.[#*
,.#, , ,
..[# ,.#, *
* .(# , ,


You could see a shadow dragon, a frost giant, 2 stone giants, a tengu reaver, a
vault guard, 2 ironbrand convokers and a battlesphere.

Vanquished Creatures
  A bone dragon (Abyss:2)
  A tentacled starspawn (Abyss:2)
  A sphinx (Vaults:1)
  A storm dragon (Vaults:5)
  8 nagarajas
  A revenant (Abyss:1)
  2 deep elf sorcerers (Vaults:2)
  2 fire giants
  2 vault wardens
  7 ironheart preservers
  2 vampire knights (Swamp:4)
  An entropy weaver (Vaults:5)
  A deep elf annihilator (Vaults:2)
  A deep elf demonologist (Vaults:5)
  The ghost of SamuraiZach the Grappler, a journeyman TrBe of Trog (D:12)
  An ogre mage (D:10)
  2 blizzard demons (Abyss:2)
  A yaktaur captain (Vaults:1)
  20 naga warriors
  Josephine (D:13)
  5 vault guards
  A great orb of eyes (Vaults:5)
  A rakshasa (Abyss:1)
  Harold (Lair:2)
  16 hydras
  An ice dragon (Vaults:1)
  4 shambling mangroves
  9 two-headed ogres
  9 alligators
  4 centaur warriors
  Erica (D:10)
  13 anacondas
  A deep troll shaman (Vaults:1)
  3 death yaks (Lair:4)
  4 thrashing horrors
  Urug (D:12)
  3 naga sharpshooters
  4 shock serpents
  Sonja (Lair:4)
  A sun demon (Abyss:2)
  2 wretched stars
  A deep elf knight (Vaults:1)
  A shadow wraith (D:14)
  A salamander mystic (Snake:2)
  A wizard (Vaults:2)
  4 unseen horrors
  6 deep trolls
  A flayed ghost (Swamp:4)
  4 naga ritualists
  2 spriggan druids (Swamp:4)
  3 large abominations (Abyss:1)
  4 swamp dragons (Swamp:4)
  3 ironbrand convokers (Vaults:1)
  2 glowing orange brains
  A necromancer (Vaults:1)
  A wolf spider zombie (D:13)
  A deep elf archer (Vaults:1)
  3 spectral hydras (Swamp:4)
  8 mana vipers
  4 harpies (Vaults:1)
  3 deep elf magi
  5 orc knights
  4 manticores
  4 wolf spiders
  2 cyclopes
  A worldbinder (Abyss:2)
  7 salamanders
  36 black mambas
  4 vault sentinels
  5 elephants (Lair:4)
  16 naga magi
  16 guardian serpents
  A smoke demon (Abyss:2)
  A storm dragon simulacrum (Vaults:1)
  6 spiny frogs
  Maggie (D:10)
  4 rime drakes (Lair:4)
  4 freezing wraiths
  3 yaktaurs (Vaults:1)
  An orc skeleton (Vaults:1)
  A komodo dragon (D:10)
  2 death drake zombies (Swamp:4)
  2 hydra zombies (Swamp:4)
  3 tyrant leeches
  5 trolls
  Grinder (D:4)
  4 bog bodies
  10 hornets
  2 hydra skeletons (Swamp:4)
  13 blink frogs
  7 slime creatures
  2 hippogriffs
  A meliai zombie (D:15)
  A fire giant simulacrum (Vaults:1)
  A flying skull (Abyss:1)
  3 starcursed masses (Abyss:2)
  Sigmund (D:5)
  A shadow (Swamp:4)
  A ynoxinul (Abyss:1)
  6 wraiths
  2 vampires
  A wyvern (Lair:3)
  3 water elementals
  A golden eye (shapeshifter) (D:15)
  24 yaks
  A basilisk (shapeshifter) (D:15)
  2 basilisks
  4 fire bats (Abyss:1)
  5 human simulacra (Vaults:1)
  A neqoxec (Abyss:1)
  6 small abominations
  3 hungry ghosts
  A chaos spawn (Abyss:1)
  10 vampire mosquitoes
  52 nagas
  2 wargs (Vaults:2)
  4 swamp worms
  14 insubstantial wisps
  3 hydra simulacra (Swamp:4)
  A two-headed ogre zombie (D:11)
  3 acid dragons
  11 water moccasins
  Duvessa (D:5)
  8 porcupines
  9 swamp drakes
  25 orc warriors
  7 ice beasts
  2 phantoms
  4 sky beasts
  3 swamp dragon zombies (Swamp:4)
  2 necrophages
  A boggart (D:10)
  2 orc zombies (D:11)
  4 centaurs
  7 wolves
  8 ogres
  15 crocodiles
  A yaktaur zombie (Vaults:1)
  2 big kobolds
  Blork the orc (D:4)
  14 bullfrogs
  A human zombie (Vaults:1)
  2 wyvern zombies
  Dowan (D:5)
  5 scorpions
  14 wights
  An electric eel (D:12)
  3 centaur zombies
  2 bullfrog zombies
  9 crimson imps
  A quasit (D:11)
  4 jellies
  11 orc priests
  5 centaur skeletons
  5 bullfrog skeletons
  6 hounds
  17 orc wizards
  Ijyb (D:4)
  3 iguanas
  4 worker ants
  A hound skeleton (D:4)
  A worker ant zombie (D:9)
  17 adders
  11 gnolls
  2 river rats (D:6)
  2 shadow imps
  A white imp (Abyss:2)
  2 ufetubi
  An adder zombie (D:7)
  2 adder skeletons
  A worm (D:6)
  5 leopard geckos
  79 orcs
  A ball python (D:1)
  2 bats (D:1)
  3 giant cockroaches
  2 gnoll zombies (D:9)
  22 goblins
  17 hobgoblins
  10 jackals
  9 kobolds
  4 quokkas
  A ball python zombie (D:6)
  2 frilled lizards (D:4)
  A quokka skeleton (D:5)
  A quokka zombie (D:6)
  5 rats
  3 plants (Lair:4)
957 creatures vanquished.

Vanquished Creatures (collateral kills)
  An orc warlord (Bailey)
  An elephant (Lair:4)
  A rime drake (Lair:4)
3 creatures vanquished.

Vanquished Creatures (others)
  A yaktaur captain (Vaults:5)
  2 guardian serpents (Snake:4)
  A tyrant leech (Swamp:4)
  A blink frog (Swamp:4)
  A swamp drake (Swamp:4)
  A fungus (Lair:4)
  3 plants
  2 starspawn tentacles (Abyss:2)
12 creatures vanquished.

Grand Total: 972 creatures vanquished

Notes
Turn   | Place    | Note
-------+----------+-------------------------------------------
     0 | D:1      | Flugslaktarn the Deep Dwarf Fighter began the quest for the
                  | Orb.
     0 | D:1      | Reached XP level 1. HP: 20/20 MP: 1/1
    54 | D:1      | Reached XP level 2. HP: 25/27 MP: 2/2
   193 | D:2      | Reached skill level 3 in Axes
   193 | D:2      | Reached XP level 3. HP: 28/34 MP: 3/3
   405 | D:4      | Noticed Ijyb
   416 | D:4      | Killed Ijyb
   426 | D:4      | Reached XP level 4. HP: 41/42 MP: 3/3
   455 | D:4      | Noticed Grinder
   463 | D:4      | Paralysed by Grinder for 5 turns
   497 | D:4      | Killed Grinder
   497 | D:4      | Reached skill level 4 in Axes
   497 | D:4      | Reached XP level 5. HP: 19/50 MP: 3/3
   497 | D:4      | Reached XP level 6. HP: 22/57 MP: 4/4
   531 | D:4      | Noticed Blork the orc
   542 | D:4      | Killed Blork the orc
   542 | D:4      | Reached skill level 5 in Axes
   715 | D:4      | Found an iron altar of Okawaru.
   851 | D:4      | Reached XP level 7. HP: 50/64 MP: 4/4
  1113 | D:4      | Reached skill level 5 in Armour
  1113 | D:4      | Reached skill level 5 in Shields
  1202 | D:5      | Entered Level 5 of the Dungeon
  1202 | D:5      | Found a bloodstained altar of Trog.
  1394 | D:5      | Reached skill level 6 in Axes
  1583 | D:5      | Noticed Sigmund
  1615 | D:5      | Killed Sigmund
  1814 | D:5      | Reached XP level 8. HP: 58/73 MP: 4/4
  1978 | D:5      | Noticed Dowan
  1979 | D:5      | Noticed Duvessa
  1993 | D:5      | Killed Duvessa
  1993 | D:5      | Reached skill level 7 in Axes
  1997 | D:5      | Killed Dowan
  2105 | D:6      | Found a glowing drain.
  2117 | Sewer    | Entered a sewer
  2320 | D:6      | Reached skill level 5 in Fighting
  2383 | D:6      | Found Ipiti's Jewellery Shop.
  2474 | D:6      | Reached skill level 8 in Axes
  2647 | D:6      | Gained mutation: You passively map the area around you.
                  | [Deep Dwarf growth]
  2647 | D:6      | Reached XP level 9. HP: 56/81 MP: 5/5
  3072 | D:7      | Reached skill level 9 in Axes
  3131 | D:7      | Found a staircase to the Ecumenical Temple.
  3358 | Temple   | Entered the Ecumenical Temple
  3482 | Temple   | Became a worshipper of Makhleb the Destroyer
  3529 | D:7      | Found a shimmering blue altar of Sif Muna.
  3766 | D:7      | Found a radiant altar of Vehumet.
  3905 | D:8      | Reached skill level 1 in Invocations
  3921 | D:8      | Found Vypt's Gadget Emporium.
  4003 | D:8      | Found Wotzoheafe's Gadget Shop.
  4040 | D:8      | Found Dabbabix's Food Shoppe.
  4204 | D:8      | Found the amulet of the Four Winds {rN+ MR+++ Clar}
  4281 | D:8      | Noticed a two-headed ogre
  4302 | D:8      | Killed a two-headed ogre
  4302 | D:8      | Reached skill level 10 in Axes
  4302 | D:8      | Reached XP level 10. HP: 55/92 MP: 5/5
  4314 | D:8      | Found Jockorph's Book Shop.
  4381 | D:8      | Reached * piety under Makhleb
  4401 | D:8      | Found Erhoeveq's Jewellery Boutique.
  4808 | D:9      | Found Fuus's Weapon Shoppe.
  4810 | D:9      | Found a staircase to the Orcish Mines.
  5089 | D:9      | Found a shimmering altar of Xom.
  5111 | D:9      | Found a hazy altar of Hepliaklqana.
  5437 | D:6      | Bought the ring "Dazit" {-Tele rPois rF+ rN+ Stlth+} for
                  | 354 gold pieces
  5899 | D:9      | Found a basalt altar of Yredelemnul.
  5935 | D:10     | Entered Level 10 of the Dungeon
  6274 | D:10     | Noticed Maggie
  6285 | D:10     | Noticed Erica
  6293 | D:10     | Reached ** piety under Makhleb
  6303 | D:10     | Killed Maggie
  6312 | D:10     | Killed Erica
  6312 | D:10     | Reached skill level 11 in Axes
  6312 | D:10     | Reached skill level 5 in Invocations
  6541 | D:10     | Noticed a two-headed ogre
  6558 | D:10     | Killed a two-headed ogre
  6574 | D:10     | Noticed a two-headed ogre
  6584 | D:10     | Killed a two-headed ogre
  6584 | D:10     | Reached XP level 11. HP: 78/100 MP: 5/5
  6878 | D:10     | Noticed an ogre mage
  6896 | D:10     | Killed an ogre mage
  7093 | D:10     | Killed an unseen horror
  7151 | D:10     | Found a staircase to the Lair.
  7437 | D:11     | Found a transporter.
  7521 | D:11     | Found a transporter.
  7542 | D:11     | Noticed a six-headed hydra
  7549 | D:11     | Killed a six-headed hydra
  7549 | D:11     | Reached skill level 12 in Axes
  7711 | D:11     | Reached *** piety under Makhleb
  7796 | D:11     | Noticed a two-headed ogre
  7808 | D:11     | Killed a two-headed ogre
  8038 | D:11     | Killed an unseen horror
  8306 | D:11     | Got a pitted cloak
  8308 | D:11     | Got a faintly glowing hand axe
  8313 | D:11     | Identified the +4 hand axe "Itoifo" {drain, +Blink rN+
                  | Stlth+} (You found it on level 11 of the Dungeon)
  8346 | D:12     | Noticed Urug
  8366 | D:12     | Killed Urug
  8366 | D:12     | Reached XP level 12. HP: 55/110 MP: 6/8
  8412 | D:12     | Noticed a two-headed ogre
  8425 | D:12     | Killed a two-headed ogre
  8434 | D:12     | Reached skill level 13 in Axes
  8453 | D:12     | Found a sacrificial altar of Ru.
  8505 | D:12     | Found a flagged portal.
  8524 | Bailey   | Entered a bailey
  8560 | Bailey   | Reached **** piety under Makhleb
  8628 | Bailey   | Reached skill level 10 in Shields
  8761 | Bailey   | Noticed an orc warlord
  8787 | Bailey   | Killed an orc warlord
  8787 | Bailey   | Reached skill level 10 in Armour
  8858 | Bailey   | Reached skill level 15 in Axes
  8858 | Bailey   | Reached XP level 13. HP: 64/118 MP: 7/7
  8859 | Bailey   | Reached skill level 16 in Axes
  8859 | Bailey   | Gained mutation: You resist negative energy. (rN+) [Deep
                  | Dwarf growth]
  8859 | Bailey   | Reached XP level 14. HP: 69/127 MP: 8/8
  8860 | Bailey   | Identified the cursed +0 cloak of Ocel {+Blink} (You found
                  | it on level 11 of the Dungeon)
  9045 | D:12     | Found Lyps's Jewellery Shoppe.
  9183 | D:12     | Reached ***** piety under Makhleb
  9265 | D:12     | Found a runed translucent gate.
  9266 | D:12     | Found a runed translucent gate.
  9267 | D:12     | Found a runed translucent gate.
  9267 | D:12     | Noticed SamuraiZach's ghost (journeyman TrBe)
  9369 | D:12     | Killed SamuraiZach's ghost
  9369 | D:12     | Reached skill level 17 in Axes
  9424 | D:13     | Noticed Josephine
  9441 | D:13     | Killed Josephine
  9765 | D:13     | Got a crude chain mail
  9778 | D:13     | Identified the +8 chain mail of Esoxabi {rPois Str-3 Int+6}
                  | (You found it on level 13 of the Dungeon)
  9822 | D:13     | Found a shadowy altar of Dithmenos.
 10361 | D:14     | Got a crude battleaxe
 10364 | D:14     | Identified the cursed +1 battleaxe "Sowkauj" {antimagic,
                  | +Inv rElec rC- SInv} (You found it on level 14 of the
                  | Dungeon)
 10571 | D:14     | Found a gate to the Vaults.
 10695 | D:14     | Reached skill level 10 in Invocations
 10713 | D:14     | Found a roughly hewn altar of Beogh.
 10789 | D:15     | Entered Level 15 of the Dungeon
 10793 | D:15     | Found a staircase to the Depths.
 10794 | D:15     | Noticed a fire giant
 10800 | D:15     | Found a blossoming altar of Fedhas.
 10843 | D:15     | Gained mutation: You tend to lose your temper in combat.
                  | [potion of mutation]
 10843 | D:15     | Lost mutation: You tend to lose your temper in combat.
                  | [potion of mutation]
 10844 | D:15     | Gained mutation: Your system is resistant to poisons.
                  | (rPois) [potion of mutation]
 11267 | D:15     | Killed a fire giant
 11326 | D:15     | Reached XP level 15. HP: 126/135 MP: 10/10
 11817 | Lair:1   | Entered Level 1 of the Lair of Beasts
 11954 | Lair:2   | Reached ****** piety under Makhleb
 12135 | Lair:2   | Noticed Harold
 12148 | Lair:2   | Killed Harold
 12653 | Lair:3   | Found a staircase to the Swamp.
 12723 | Lair:3   | Reached skill level 18 in Axes
 13434 | Lair:4   | Noticed Sonja
 13457 | Lair:4   | Cast into level 1 of the Abyss (Sonja)
 13560 | Abyss:1  | Found a corrupted altar of Lugonu.
 13578 | Abyss:1  | Gained mutation: You have sharp toenails. [a neqoxec]
 13580 | Abyss:1  | Gained mutation: Scrolls take you a little longer to read.
                  | [a neqoxec]
 13642 | Abyss:1  | Found a corrupted altar of Lugonu.
 13727 | Abyss:1  | Noticed a revenant
 13737 | Abyss:1  | Killed a revenant
 13953 | Lair:4   | Escaped the Abyss
 13973 | Lair:4   | Cast into level 1 of the Abyss (Sonja)
 13979 | Abyss:1  | Found a corrupted altar of Lugonu.
 14084 | Abyss:2  | Reached skill level 10 in Fighting
 14110 | Abyss:2  | Noticed a bone dragon
 14158 | Abyss:2  | Killed a bone dragon
 14199 | Abyss:2  | Noticed a tentacled starspawn
 14207 | Abyss:2  | Killed a tentacled starspawn
 14226 | Lair:4   | Escaped the Abyss
 14240 | Lair:4   | Killed Sonja
 14338 | Lair:4   | Found a sparkling altar of Nemelex Xobeh.
 14598 | Lair:4   | Found a staircase to the Snake Pit.
 14613 | Snake:1  | Entered Level 1 of the Snake Pit
 14724 | Snake:1  | Found Bame's Food Emporium.
 14803 | Snake:1  | Reached XP level 16. HP: 147/147 MP: 12/12
 14836 | Snake:1  | Reached skill level 19 in Axes
 15396 | Snake:3  | Found Uduibot's Book Shop.
 15398 | Snake:3  | Found Veasach's Book Boutique.
 15723 | Snake:4  | Entered Level 4 of the Snake Pit
 16299 | Snake:4  | Found a flickering gateway to a bazaar.
 16457 | Bazaar   | Entered a bazaar
 16457 | Bazaar   | Found Conwuc's Antique Armour Boutique.
 16457 | Bazaar   | Found Zeodugy's Antique Weapon Shoppe.
 16457 | Bazaar   | Found Ceigro's Antique Armour Shop.
 16457 | Bazaar   | Found Obron's Magic Scroll Shoppe.
 16459 | Bazaar   | Found Jeuli's Jewellery Shop.
 16497 | Bazaar   | Bought a scroll of magic mapping for 42 gold pieces
 16497 | Bazaar   | Bought a scroll of teleportation for 36 gold pieces
 16511 | Bazaar   | Bought a scroll of immolation for 42 gold pieces
 16511 | Bazaar   | Bought a scroll of immolation for 42 gold pieces
 16519 | Bazaar   | Bought a twisted chain mail for 209 gold pieces
 16522 | Bazaar   | Bought a bloodstained chain mail for 247 gold pieces
 16524 | Bazaar   | Identified the cursed +0 chain mail "Hoseujig" {Int+5} (You
                  | bought it in a shop in a bazaar)
 16526 | Bazaar   | Identified the cursed +1 chain mail "Ofriobeg" {rN++} (You
                  | bought it in a shop in a bazaar)
 16555 | Snake:4  | Reached skill level 20 in Axes
 16627 | Snake:4  | Reached XP level 17. HP: 146/157 MP: 14/14
 16805 | Snake:4  | Got a serpentine rune of Zot
 17027 | Swamp:1  | Entered Level 1 of the Swamp
 17284 | Swamp:4  | Entered Level 4 of the Swamp
 17525 | Swamp:4  | Reached skill level 21 in Axes
 17568 | Swamp:4  | Gained mutation: You passively map a large area around you.
                  | [Deep Dwarf growth]
 17568 | Swamp:4  | Reached XP level 18. HP: 102/168 MP: 13/13
 17607 | Swamp:4  | Found a basalt altar of Yredelemnul.
 17625 | Swamp:4  | Got a decaying rune of Zot
 18014 | Vaults:1 | Entered Level 1 of the Vaults
 18065 | Vaults:1 | Reached skill level 15 in Invocations
 18254 | Vaults:1 | Found Natt's Distillery.
 18262 | Vaults:1 | Bought a potion of haste for 170 gold pieces
 18898 | Vaults:2 | You fall into a shaft and drop 1 floor!
 18954 | Vaults:3 | You fall into a shaft and drop 1 floor!
 19073 | Vaults:5 | Entered Level 5 of the Vaults
 19113 | Vaults:5 | Reached skill level 15 in Shields
 19131 | Vaults:5 | HP: 6/170 [shadow dragon (23)]
 19139 | Vaults:5 | Demolished by a stone giant

Levels and vault maps discovered:
D:1:      onia_arrival_handbag, layout_basic
D:2:      layout_basic, zin_statuary
D:3:      layout_basic, grunt_temple_overflow_diamond, serial_forest,
          infiniplex_forest_clump_tiny, infiniplex_forest_straight_4,
          infiniplex_forest_side_room, infiniplex_forest_clump_double,
          infiniplex_forest_clump_medium, infiniplex_forest_clump_medium,
          infiniplex_forest_lined_2, infiniplex_forest_clump_small,
          nrook_mini_vaults
D:4:      layout_cave_pools, hangedman_decor_clover_reticule,
          okawaru_altar_gauntlet_db, uniq_blork_the_orc, uniq_ijyb, uniq_grinder
D:5:      layout_gridville, first_ration, bloody_trog, uniq_duvessa,
          uniq_sigmund
D:6:      layout_loops_cross, portal_sewer_entry_b, serial_shops,
          nicolae_shop_waterfront
D:7:      layout_basic, kennysheep_little_box, lemuel_coloured_pillars_altar,
          minmay_temple_entry_offerings
D:8:      layout_loops_corners, serial_shops, shop, shop, shop,
          nicolae_shop_stone, shop
D:9:      layout_loops_corners, lemuel_zombie_altar_yredelemnul,
          xom_teletrap_fun, old_standard_altar, orc_david_3, blue_anna_alchemist
          [blue_anna_fruit_fields, blue_anna_fruit_fields],
          minmay_misc_feat_four_crosses
D:10:     minmay_cornered_nines, layout_layer_cave, erik_lair_dragon,
          uniq_maggie, uniq_erica
D:11:     gammafunk_cloud_chamber, layout_irregular_city, minivault_22
D:12:     layout_basic, ebering_ghost_rock_garden, enter_bailey_2, serial_shops,
          shop, nicolae_ru_awakened_eye, uniq_urug
D:13:     layout_cave_pools, nicolae_dithmenos_through_a_glass_darkly,
          uniq_josephine
D:14:     layout_rooms, david_vaults_4, serial_rivers,
          chequers_serial_rivers_marsh, chequers_serial_rivers_micro_d,
          chequers_serial_rivers_micro_b, chequers_serial_rivers_micro_a,
          chequers_serial_rivers_micro_b, special_room [special_room_orc],
          serial_bayou_pond_a
D:15:     grunt_enter_depths_giant_problem, layout_irregular_city,
          chequers_big_river, serial_column_ruins, column_ruins_square_huge,
          column_ruins_grid_1, column_ruins_corridor_corner,
          column_ruins_open_tiny, column_ruins_open_tiny, column_ruins_grid_3,
          chequers_serial_rivers_micro_d, lemuel_oklob_altar
Temple:   oiseaux_autumnal_temple
Lair:1:   layout_gridlike, minmay_lair_oklob_chamber, grunt_megastairs_5
Lair:2:   layout_roguey, uniq_harold
Lair:3:   layout_chaotic_city, minmay_swamp_entry_swarm, guppyfry_lair_drakes
Lair:4:   dpeg_oklob_gauntlet, layout_hall_layers,
          minmay_snake_entry_six_corridors, basic_altar, minmay_lair_drake_nest,
          uniq_sonja
Swamp:1:  layout_basic_swamp, evilmike_swamp_ruin_house_3, swamp_pool3,
          infiniplex_staircase_pool, uniq_nikola
Swamp:2:  layout_basic_swamp, hangedman_swamp_cone, uniq_jorgrun
Swamp:3:  layout_basic_swamp, evilmike_swamp_ruin_house_4, swamp_pool5
Swamp:4:  byrel_swamp_growth_death_and_undeath, layout_basic_swamp
Snake:1:  layout_rooms, serial_shops, shop_fountains, st_stairs_7,
          grunt_megastairs_2
Snake:2:  nicolae_aizul_guard, layout_cave_pods, grunt_ministairs_7, drop_trap
Snake:3:  layout_misc_corridors, grunt_ministairs_15, nrook_loot_triangle,
          serial_bayou_crossing, minmay_shoptagon, uniq_roxanne
Snake:4:  grunt_snake_rune_serpentine_throne, layout_cave_town, serial_shops,
          bzr_entry_gold, serial_bayou_pond_e
Vaults:1: v_misc_23, nicolae_vaults_minivaults, v_misc_3, v_misc_17,
          vaults_room_grunt_arrival_checkpoint,
          nicolae_vaults_network_periphery, v_misc_9, grunt_vaults_diagonal,
          nicolae_vaults_little_ls, serial_ice_h,
          nicolae_vaults_little_squares_6, vaults_dpeg_diagonal,
          layout_vaults_ring, serial_shops,
          nicolae_shop_temple_entry_statues_fountains, shop_statue
Vaults:2: minmay_crypt_entry_necro_gods, ontoclasm_vaults_ring_square,
          vaults_room_guarded_vault, vaults_mumra_lcd,
          ontoclasm_vaults_loading_screen, ontoclasm_vaults_spin,
          nicolae_vaults_alarming, hangedman_vaults_maws, layout_vaults_omnigrid
Vaults:3: nicolae_vaults_rhombus_5, nicolae_vaults_little_squares_5,
          nicolae_vaults_big_angled_halls, st_diamondy,
          nicolae_vaults_three_branches, grunt_vaults_twisty,
          nicolae_vaults_windows_and_doors_thing, vaults_mumra_minichess,
          v_misc_24, ontoclasm_vaults_loading_screen, vaults_mumra_hex,
          ontoclasm_vaults_misaligned, v_alt_pattern_4,
          grunt_vaults_hallway_short, layout_vaults_maze, serial_shops, shop,
          uniq_bai_suzhen, uniq_boris, uniq_mara
Vaults:4: v_misc_3, grunt_vaults_hallway_short, kb_rosetta,
          nicolae_vaults_network_quincunx
          [nicolae_vaults_network_quincunx_subvault,
          nicolae_vaults_network_quincunx_subvault,
          nicolae_vaults_network_quincunx_subvault,
          nicolae_vaults_network_quincunx_subvault,
          nicolae_vaults_network_quincunx_subvault], vaults_room_fancy_cross,
          vaults_room_door_ring, hangedman_vaults_pinch,
          nicolae_vaults_asterisk, v_misc_25, vaults_room_boxed,
          v_alt_pattern_1, v_alt_pattern_6, v_misc_31,
          ontoclasm_vaults_decontamination, vaults_room_pool,
          vaults_room_semicircle, layout_vaults_omnicross, serial_shops,
          nicolae_shop_temple_entry_statues_fountains, uniq_saint_roka
Vaults:5: uniq_margery

Skill      XL: |  1  2  3  4  5  6  7  8  9 10 11 12 13 14 15 16 17 18 |
---------------+-------------------------------------------------------+-----
Fighting       | 3 4 5 6 7 8 9 10 11 12 | 12.7
Axes           | 3 4 5 6 8 10 11 12 15 16 17 18 20 21 | 21.8
Armour         | 4 5 6 7 8 9 10 11 12 13 14 | 14.9
Shields        | 4 5 6 7 8 9 10 11 12 13 14 15 | 15.0
Invocations    | 3 6 8 10 12 13 14 15 | 15.7

Action                   |  1- 3 |  4- 6 |  7- 9 | 10-12 | 13-15 | 16-18 || total
-------------------------+-------+-------+-------+-------+-------+-------++-------
Melee: War axe           |    75 |   111 |   392 |   417 |       |       ||   995
       Broad axe         |       |       |       |   262 |   998 |  1428 ||  2688
       Hand axe          |       |       |       |       |    23 |       ||    23
Invok: Lesser Servant of |       |       |       |     3 |     5 |       ||     8
 Abil: Heal Wounds       |     1 |     3 |    14 |    23 |    10 |    15 ||    66
Evoke: Wand              |       |       |       |     4 |     3 |       ||     7
  Use: Scroll            |     2 |     5 |     6 |     5 |    27 |     3 ||    48
       Potion            |       |       |       |     1 |     3 |     5 ||     9
 Stab: Distracted        |       |       |       |       |     2 |       ||     2
       Confused          |       |       |       |       |       |     1 ||     1
  Eat: Chunk             |       |       |    12 |    18 |    17 |     9 ||    56
       Ration            |       |       |       |       |     2 |     2 ||     4
Armor: Scale mail        |    28 |    12 |       |       |       |       ||    40
       Plate armour      |       |    52 |    38 |       |    20 |       ||   110
       Chain mail        |       |       |   222 |   388 |   572 |  1166 ||  2348
Dodge: Dodged            |    30 |    20 |    76 |   142 |   214 |   440 ||   922
Block: Kite shield       |    49 |    73 |   219 |   401 |   527 |  1004 ||  2273
       Tower shield      |       |       |       |       |       |   201 ||   201
       Reflection        |       |       |       |       |       |     4 ||     4

Table legend:
 A = Non-vault XP
 B = Vault XP
 C = Vault XP percentage of total XP
 D = Non-vault monster count
 E = Vault monster count
 F = Vault count percentage of total count
                 A         B        C        D         E       F
            +---------+---------+-------+---------+---------+-------
      Total |  204122 |  112272 |  35.5 |     643 |     320 |  33.2
            +---------+---------+-------+---------+---------+-------
        D:1 |      11 |       4 |  26.7 |       6 |       3 |  33.3
        D:2 |      35 |       0 |   0.0 |       7 |       0 |   0.0
        D:3 |       7 |       0 |   0.0 |       3 |       0 |   0.0
        D:4 |     347 |     439 |  55.9 |      20 |       9 |  31.0
        D:5 |     417 |     449 |  51.8 |       9 |       3 |  25.0
        D:6 |    1002 |      29 |   2.8 |      26 |       4 |  13.3
        D:7 |     658 |       0 |   0.0 |      12 |       0 |   0.0
        D:8 |    2545 |       0 |   0.0 |      34 |       0 |   0.0
        D:9 |     753 |     376 |  33.3 |      16 |       9 |  36.0
       D:10 |    3548 |    3508 |  49.7 |      28 |      11 |  28.2
       D:11 |    5334 |    1180 |  18.1 |      29 |       6 |  17.1
       D:12 |    8256 |    1919 |  18.9 |      42 |       2 |   4.5
       D:13 |    4870 |    1653 |  25.3 |      25 |       4 |  13.8
       D:14 |    3934 |    3059 |  43.7 |      14 |      21 |  60.0
       D:15 |    6901 |    1858 |  21.2 |      22 |       1 |   4.3
     Lair:1 |    3415 |     536 |  13.6 |      15 |       2 |  11.8
     Lair:2 |    3048 |     970 |  24.1 |      18 |       1 |   5.3
     Lair:3 |    3502 |    1023 |  22.6 |      16 |       7 |  30.4
     Lair:4 |    7075 |    3178 |  31.0 |      18 |      16 |  47.1
    Swamp:1 |     304 |       0 |   0.0 |       2 |       0 |   0.0
    Swamp:2 |    1976 |       0 |   0.0 |       5 |       0 |   0.0
    Swamp:3 |    8584 |     398 |   4.4 |      18 |       3 |  14.3
    Swamp:4 |   15589 |   23385 |  60.0 |      43 |      40 |  48.2
    Snake:1 |    4796 |    3220 |  40.2 |       7 |       6 |  46.2
    Snake:2 |   15187 |       0 |   0.0 |      34 |       0 |   0.0
    Snake:3 |   13316 |     427 |   3.1 |      21 |       1 |   4.5
    Snake:4 |   25108 |   39805 |  61.3 |      53 |      65 |  55.1
   Vaults:1 |   19603 |   15769 |  44.6 |      33 |      26 |  44.1
   Vaults:2 |   17649 |     436 |   2.4 |      25 |       1 |   3.8
   Vaults:3 |    1782 |       0 |   0.0 |       1 |       0 |   0.0
   Vaults:4 |    1498 |       0 |   0.0 |       3 |       0 |   0.0
   Vaults:5 |     994 |    5851 |  85.5 |       1 |       4 |  80.0
    Abyss:1 |    8155 |       0 |   0.0 |      20 |       0 |   0.0
    Abyss:2 |   13923 |       0 |   0.0 |      17 |       0 |   0.0
      Sewer |       0 |     112 | 100.0 |       0 |       6 | 100.0
     Bailey |       0 |    2688 | 100.0 |       0 |      69 | 100.0
            +---------+---------+-------+---------+---------+-------
